[Event "Titled Tuesday Blitz July 18 Late 2023"]
[White "Darini, Pouria"]
[Black "Kanyamarala, Tarun"]
[WhiteFideId "12502200"]
[BlackFideId "45004714"]
[WhiteElo "2707"]
[BlackElo "2521"]
[Result "1-0"]
[Round "4"]
[TimeControl "180+2"]
[Date "2023.07.18"]
[WhiteClock "0:00:44"]
[BlackClock "0:00:06"]
[Board "52"]

1. a3 d5 2. e3 Nf6 3. c4 c6 4. Nf3 Bf5 5. b4 e6 6. Bb2 h6 7. Be2 Be7 8. O-O O-O 9. d3 Nbd7 10. Nbd2 Bh7 11. Qb3 a5 12. Bc3 Qb6 13. Qb2 axb4 14. axb4 Qc7 15. Nb3 Rfb8 16. Ne5 Bf8 17. Nxd7 Nxd7 18. Rfc1 g5 19. cxd5 exd5 20. h4 Nb6 21. Be5 Bd6 22. Bh8 Bf8 23. Nc5 Nd7 24. hxg5 hxg5 25. Bd4 Nxc5 26. bxc5 Bf5 27. Ra3 Rxa3 28. Qxa3 Qd7 29. f3 b5 30. Kf2 Qe6 31. Qb2 Be7 32. Rh1 Bh7 33. Qa1 Re8 34. Rh5 Bf6 35. e4 Bxd4+ 36. Qxd4 f6 37. Bd1 Qe5 38. Qxe5 Rxe5 39. Bb3 Kg7 40. d4 Re7 41. exd5 cxd5 42. Bxd5 Rd7 43. c6 Rxd5 44. Rxh7+ Kxh7 45. c7 Rxd4 46. c8=Q 1-0


[Site "https://www.chess.com"]

[Event "Titled Tuesday Blitz July 18 Late 2023"]
[White "Volovich, Vasily"]
[Black "Philippe, Guillaume"]
[WhiteFideId "34169676"]
[BlackFideId "36048763"]
[WhiteElo "2704"]
[BlackElo "2519"]
[Result "1-0"]
[Round "4"]
[TimeControl "180+2"]
[Date "2023.07.18"]
[WhiteClock "0:00:11"]
[BlackClock "0:00:55"]
[Board "53"]

1. e4 e5 2. Nf3 Nc6 3. d4 exd4 4. Bc4 Nf6 5. O-O Nxe4 6. Re1 d5 7. Bxd5 Qxd5 8. Nc3 Qa5 9. Nxe4 Be7 10. Bg5 Be6 11. Bxe7 Nxe7 12. Qxd4 O-O 13. Qc5 Nc6 14. Qxa5 Nxa5 15. Rad1 Rad8 16. Nd4 Bd7 17. Nc5 Bc8 18. Nb5 b6 19. Nd3 a6 20. Nc3 Rfe8 21. Nd5 Rxe1+ 22. Rxe1 Kf8 23. Nxc7 Nc6 24. Nf4 Nd4 25. c3 Nc2 26. Rc1 Rd2 27. Ncd5 g5 28. Nxb6 Bf5 29. Nfd5 Kg7 30. h3 Be6 31. Nc7 Bxa2 32. Nxa6 f5 33. Nc7 h5 34. Nb5 g4 35. hxg4 hxg4 36. g3 Kg6 37. Na4 Bc4 38. Na3 Nxa3 39. bxa3 Ra2 40. Nb6 Be6 41. c4 Rxa3 42. c5 Ra6 43. Kf1 Kf6 44. Ke2 Ke5 45. Rc3 f4 46. gxf4+ Kxf4 47. Rc2 Ke4 48. Rb2 Kd4 49. c6 Kc5 50. Nd7+ Kxc6 51. Nb8+ Kc5 52. Nxa6+ Kd4 53. Rb4+ Bc4+ 54. Rxc4+ Kxc4 55. Ke3 Kb5 56. Kf4 Kxa6 57. Kxg4 Kb7 58. Kg5 Kc7 59. Kf6 Kd6 60. f4 Kd5 61. f5 Ke4 62. Ke6 Kf3 63. f6 Kg4 64. f7 Kf4 65. f8=Q+ Kg4 66. Qf5+ 1-0


[Site "https://www.chess.com"]

[Event "Titled Tuesday Blitz July 18 Late 2023"]
[White "Haszon, David"]
[Black "Wieczorek, Oskar"]
[WhiteFideId "733610"]
[BlackFideId "1133950"]
[WhiteElo "2518"]
[BlackElo "2703"]
[Result "0-1"]
[Round "4"]
[TimeControl "180+2"]
[Date "2023.07.18"]
[WhiteClock "0:02:05"]
[BlackClock "0:01:28"]
[Board "54"]

1. d4 Nf6 2. Bf4 Ng8 3. Nc3 d6 4. e4 c6 5. Qd2 g6 6. O-O-O Bg7 7. h4 h6 8. h5 g5 9. Be3 Nf6 10. f4 Ng4 11. fxg5 Nxe3 12. Qxe3 hxg5 13. Kb1 Bh6 14. e5 d5 15. Be2 g4 16. Qd3 Be6 17. Rh4 Qd7 18. Na4 Na6 19. Rf1 b5 20. Nc5 Nxc5 21. dxc5 Bg5 22. Rh1 d4 23. Bd1 Qd5 24. b3 Qxe5 25. Ne2 O-O-O 26. Ng3 Qe3 27. Ne4 Qc1# 0-1


[Site "https://www.chess.com"]

[Event "Titled Tuesday Blitz July 18 Late 2023"]
[White "Quintiliano Pinto, Renato R."]
[Black "Balague Camps, Marc"]
[WhiteFideId "2117568"]
[BlackFideId "2297914"]
[WhiteElo "2700"]
[BlackElo "2517"]
[Result "1-0"]
[Round "4"]
[TimeControl "180+2"]
[Date "2023.07.18"]
[WhiteClock "0:01:19"]
[BlackClock "0:00:52"]
[Board "55"]

1. e4 c5 2. Nf3 e6 3. c3 Nf6 4. e5 Nd5 5. d4 cxd4 6. cxd4 d6 7. Bc4 Be7 8. O-O O-O 9. Qe2 b6 10. Rd1 Bb7 11. Bxd5 exd5 12. e6 Nc6 13. Nc3 Na5 14. g3 f6 15. h4 a6 16. h5 b5 17. Nh4 f5 18. Ng2 b4 19. Nb1 Bc6 20. Nf4 Rc8 21. Nd2 Nc4 22. Nf3 Bb5 23. Qe1 Nb6 24. Qxb4 Rc2 25. Re1 Qc7 26. Be3 Qc4 27. Qa5 Rb8 28. b3 Qc3 29. Qxc3 Rxc3 30. a4 Be8 31. a5 Na8 32. Nxd5 Rxe3 33. Rxe3 Kf8 34. Rc1 Bxh5 35. Nxe7 Kxe7 36. d5 Rb7 37. Nd4 Nc7 38. Nxf5+ Kf6 39. Nxd6 Rb8 40. Rxc7 1-0


[Site "https://www.chess.com"]

[Event "Titled Tuesday Blitz July 18 Late 2023"]
[White "Hnydiuk, Aleksander"]
[Black "Velikanov, Alexander"]
[WhiteFideId "1109057"]
[BlackFideId "2039290"]
[WhiteElo "2515"]
[BlackElo "2698"]
[Result "0-1"]
[Round "4"]
[TimeControl "180+2"]
[Date "2023.07.18"]
[WhiteClock "0:00:00"]
[BlackClock "0:00:03"]
[Board "56"]

1. e4 g6 2. d4 Bg7 3. Nc3 d6 4. Be3 Nf6 5. Qd2 Ng4 6. Bg5 h6 7. Bh4 g5 8. Bg3 e5 9. Nf3 Nc6 10. Bb5 O-O 11. Bxc6 bxc6 12. dxe5 Nxe5 13. Nxe5 dxe5 14. O-O-O Qe7 15. h4 g4 16. Qe2 Rb8 17. Qe3 h5 18. Kb1 Be6 19. Ka1 a5 20. Na4 f5 21. Qc5 Qf7 22. exf5 Bxa2 23. Nc3 Bc4 24. Bxe5 Rb4 25. f6 Bxf6 26. Bxf6 Qxf6 27. Qxh5 Rxb2 28. Qxg4+ Kh8 29. Qxc4 Rxc2 30. Rd3 Rb8 31. Rhd1 Rxf2 32. R1d2 Rf1+ 33. Ka2 Rb4 34. Rd8+ Kg7 35. R2d7+ Kh6 0-1


[Site "https://www.chess.com"]

[Event "Titled Tuesday Blitz July 18 Late 2023"]
[White "Rastbod, Ali"]
[Black "Urbina Perez, Juan Antonio"]
[WhiteFideId "12567477"]
[BlackFideId "2217368"]
[WhiteElo "2693"]
[BlackElo "2515"]
[Result "1-0"]
[Round "4"]
[TimeControl "180+2"]
[Date "2023.07.18"]
[WhiteClock "0:01:56"]
[BlackClock "0:01:29"]
[Board "57"]

1. Nf3 d5 2. g3 c6 3. Bg2 Bg4 4. h3 Bxf3 5. Bxf3 e6 6. O-O Nd7 7. d3 Bd6 8. e4 Ne7 9. Re1 O-O 10. Bg2 Re8 11. c4 dxc4 12. dxc4 Bc7 13. Qc2 e5 14. c5 Nf8 15. Rd1 Qc8 16. Be3 Rd8 17. Na3 Qe6 18. Nc4 Rxd1+ 19. Rxd1 Rd8 20. Bf1 Rxd1 21. Qxd1 Qd7 22. Qa4 a6 23. Qb3 Bd8 24. Nd6 Nc8 25. Nxf7 1-0


[Site "https://www.chess.com"]

[Event "Titled Tuesday Blitz July 18 Late 2023"]
[White "Richter, Paul"]
[Black "Omelja, Artem"]
[WhiteFideId "2046350"]
[BlackFideId "14119846"]
[WhiteElo "2510"]
[BlackElo "2663"]
[Result "1-0"]
[Round "4"]
[TimeControl "180+2"]
[Date "2023.07.18"]
[WhiteClock "0:00:05"]
[BlackClock "0:00:03"]
[Board "58"]

1. e4 e5 2. Nf3 Nc6 3. Bb5 a6 4. Ba4 Nf6 5. d3 b5 6. Bb3 Be7 7. O-O O-O 8. Re1 d6 9. c3 Na5 10. Bc2 c5 11. Nbd2 Qc7 12. Nf1 h6 13. Ng3 Be6 14. Nh4 Nxe4 15. Rxe4 f5 16. Ngxf5 Bxf5 17. Nxf5 Rxf5 18. d4 cxd4 19. cxd4 Rc8 20. Re2 Rff8 21. Qd3 Bf6 22. Qh7+ Kf7 23. Bxh6 Rg8 24. Qg6+ Ke7 25. dxe5 dxe5 26. Bd2 Nc6 27. Bb3 Rgf8 28. Rc1 Qd6 29. Be3 Nd4 30. Ree1 Rxc1 31. Bxc1 Nxb3 32. axb3 Rc8 33. Be3 Qe6 34. h3 Qxb3 35. Ra1 Rc6 36. Qe4 Qc4 37. Qf5 Qe6 38. Qe4 Qc4 39. Qf5 Qc2 40. Qf3 e4 41. Qg3 Qc4 42. Qb8 Qe6 43. Qb7+ Qd7 44. Qa8 Qe6 45. Rd1 Kf7 46. b4 Kg6 47. Bc5 Be5 48. Qh8 Qf6 49. Qe8+ Qf7 50. Qxc6+ Bf6 51. Qxe4+ Kh6 52. Qf3 g5 53. Be3 Kg6 54. Rd6 Qc4 55. Qxf6+ Kh5 56. Qh6# 1-0


[Site "https://www.chess.com"]

[Event "Titled Tuesday Blitz July 18 Late 2023"]
[White "Kisic, Bozidar"]
[Black "Alex_Sahakyan2006"]
[WhiteFideId "16500350"]
[WhiteElo "2508"]
[BlackElo "2661"]
[Result "1/2-1/2"]
[Round "4"]
[TimeControl "180+2"]
[Date "2023.07.18"]
[WhiteClock "0:00:07"]
[BlackClock "0:00:05"]
[Board "59"]

1. d4 Nf6 2. Bg5 Ne4 3. h4 d5 4. e3 c5 5. Nd2 Nxd2 6. Qxd2 Nc6 7. Nf3 Qb6 8. Be2 Bg4 9. O-O e6 10. Rad1 Bd6 11. c4 h6 12. dxc5 Qxc5 13. cxd5 exd5 14. Qxd5 Qxd5 15. Rxd5 hxg5 16. Rxd6 gxh4 17. Rfd1 Ke7 18. Bb5 Rad8 19. Rxd8 Nxd8 20. Rd4 Bxf3 21. gxf3 a6 22. Ba4 b5 23. Bb3 Rh6 24. a4 Nc6 25. Re4+ Kf8 26. Bd5 Ne7 27. Bb3 g5 28. axb5 axb5 29. Rb4 Rb6 30. Bc4 Rf6 31. Rxb5 Rg6 32. Bd3 Rd6 33. Bc2 f6 34. Bb3 Rd2 35. Rb8+ Kg7 36. Rb7 Kf8 37. Kg2 Rxb2 38. Rb8+ Kg7 39. Re8 Rxb3 40. Rxe7+ Kg6 41. Kh3 Rb2 42. Kg2 Ra2 43. e4 Ra6 44. Rd7 Rb6 45. Rd3 Re6 46. Kh3 f5 47. Re3 Re5 48. Re1 Re6 49. Re2 fxe4 50. fxe4 Rf6 51. e5 Rf3+ 52. Kg2 g4 53. e6 h3+ 54. Kh2 Rf8 55. Kg3 Kf5 56. e7 Re8 57. f3 gxf3 58. Kxf3 Kf6 59. Kg3 Rxe7 60. Rxe7 Kxe7 61. Kxh3 1/2-1/2


[Site "https://www.chess.com"]

[Event "Titled Tuesday Blitz July 18 Late 2023"]
[White "Karttunen, Mika"]
[Black "Seletsky, Grigory"]
[WhiteFideId "502081"]
[BlackFideId "14112191"]
[WhiteElo "2653"]
[BlackElo "2504"]
[Result "1-0"]
[Round "4"]
[TimeControl "180+2"]
[Date "2023.07.18"]
[WhiteClock "0:01:25"]
[BlackClock "0:01:06"]
[Board "60"]

1. e4 c6 2. d4 d5 3. exd5 cxd5 4. Bd3 Nc6 5. c3 g6 6. h3 Bg7 7. Nf3 Bf5 8. Be2 Nf6 9. O-O O-O 10. Be3 Bxb1 11. Rxb1 e6 12. Nd2 Ne8 13. Nb3 Nd6 14. Nc5 b6 15. Nd3 Nc4 16. Bf4 Rc8 17. Qa4 a5 18. Qb3 g5 19. Bc1 Bxd4 20. cxd4 Nxd4 21. Qd1 Qf6 22. b3 Nd6 23. Bb2 N6f5 24. Bg4 Rfd8 25. Bxf5 Qxf5 26. Bxd4 1-0


[Site "https://www.chess.com"]

[Event "Titled Tuesday Blitz July 18 Late 2023"]
[White "NigelDwarf"]
[Black "Lamaze, Simon"]
[BlackFideId "36069264"]
[WhiteElo "2494"]
[BlackElo "2653"]
[Result "1-0"]
[Round "4"]
[TimeControl "180+2"]
[Date "2023.07.18"]
[WhiteClock "0:00:14"]
[BlackClock "0:00:07"]
[Board "61"]

1. Nf3 d5 2. c4 d4 3. b4 g5 4. Qb3 e5 5. d3 g4 6. Ng5 Be7 7. h4 h6 8. Ne4 f5 9. Nc5 b6 10. Na4 Bxh4 11. g3 Bg5 12. Bxg5 Qxg5 13. Bg2 c6 14. Nd2 Ne7 15. b5 Bd7 16. Qa3 Nc8 17. c5 O-O 18. Nxb6 axb6 19. Qxa8 Ne7 20. cxb6 c5 21. Qb7 Bxb5 22. a4 Ba6 23. Qc7 e4 24. dxe4 d3 25. Qd6 fxe4 26. Qxh6 Qxh6 27. Rxh6 e3 28. fxe3 dxe2 29. Re6 Nf5 30. Re4 Kh7 31. Rf4 Nxe3 32. Rxf8 Nd7 33. Be4+ Kg7 34. Rd8 Ne5 35. b7 Nc2+ 36. Bxc2 Bxb7 37. Be4 Ba6 38. Rb1 Kf6 39. Rb6+ Kg5 40. Rxa6 c4 41. Rd5 1-0


[Site "https://www.chess.com"]

[Event "Titled Tuesday Blitz July 18 Late 2023"]
[White "Van Foreest, Machteld"]
[Black "Begmuratov, Alisher"]
[WhiteFideId "1051563"]
[BlackFideId "14203367"]
[WhiteElo "2492"]
[BlackElo "2652"]
[Result "0-1"]
[Round "4"]
[TimeControl "180+2"]
[Date "2023.07.18"]
[WhiteClock "0:00:07"]
[BlackClock "0:00:59"]
[Board "62"]

1. e4 c5 2. Nf3 Nc6 3. d4 cxd4 4. Nxd4 g6 5. c4 Bg7 6. Be3 Nf6 7. Nc3 O-O 8. Be2 d6 9. O-O Bd7 10. Qd2 Nxd4 11. Bxd4 Bc6 12. f3 a5 13. Rfd1 Nd7 14. Nd5 Bxd4+ 15. Qxd4 Bxd5 16. cxd5 Nc5 17. b3 Qb6 18. e5 dxe5 19. Qe3 Qd6 20. Rac1 Rac8 21. Qd2 b6 22. Bb5 Rfd8 23. Qe3 e6 24. Bc4 b5 25. dxe6 Qxd1+ 26. Rxd1 Rxd1+ 27. Bf1 Nxe6 28. Qxe5 Rcc1 29. Qb8+ Nf8 30. Qxb5 Rxf1+ 31. Qxf1 Rxf1+ 32. Kxf1 Ne6 33. Ke2 Nf4+ 34. Ke3 Nxg2+ 35. Kd4 Kf8 36. Kc5 Ke7 37. Kb5 Kd7 38. Kxa5 Kc7 39. b4 Kb7 40. b5 Nh4 41. Kb4 Nxf3 42. a4 Nd4 43. Kc4 Nxb5 44. axb5 f5 45. Kc5 f4 46. h4 f3 0-1


[Site "https://www.chess.com"]

[Event "Titled Tuesday Blitz July 18 Late 2023"]
[White "Mendez Fortes, Eduardo Jesus"]
[Black "Kleiman, Jake"]
[WhiteFideId "3502376"]
[BlackFideId "2020041"]
[WhiteElo "2645"]
[BlackElo "2485"]
[Result "0-1"]
[Round "4"]
[TimeControl "180+2"]
[Date "2023.07.18"]
[WhiteClock "0:00:14"]
[BlackClock "0:00:13"]
[Board "63"]

1. e4 e5 2. Nf3 Nc6 3. Bb5 a6 4. Ba4 Nf6 5. O-O b5 6. Bb3 Bc5 7. a4 Rb8 8. c3 d6 9. d4 Bb6 10. a5 Ba7 11. h3 h6 12. Be3 Ra8 13. Qd3 O-O 14. Rd1 Re8 15. dxe5 Nxe5 16. Nxe5 Rxe5 17. Bxa7 Rxa7 18. Nd2 Bb7 19. Re1 c5 20. Bc2 Ra8 21. Qg3 Qc7 22. Nf3 Re6 23. Qf4 Rae8 24. Rad1 Bxe4 25. Bxe4 Nxe4 26. Nh4 g5 27. Qg4 h5 28. Qxh5 gxh4 29. Qxh4 Qe7 30. Qg4+ Kf8 31. Re3 Nf6 32. Rxe6 Qxe6 33. Qg5 Re7 34. Rd3 Ne4 35. Qh5 Qg6 36. Qh8+ Qg8 37. Qh6+ Qg7 38. Qh5 Re6 39. Rf3 Qg6 40. Qh8+ Ke7 41. Qa8 d5 42. Qb7+ Kf8 43. Qb8+ Kg7 44. Kh2 Qg5 45. g3 Qg6 46. Kg2 Ng5 47. Rf4 Re4 48. h4 Rxf4 49. Qxf4 Qe4+ 50. f3 Qxf4 51. gxf4 Ne6 52. f5 Nf4+ 53. Kg3 Nd3 54. b3 c4 55. b4 Nb2 56. Kf4 Nd1 57. Ke5 Nxc3 58. Kd4 Na2 59. Kxd5 c3 60. Kc5 c2 0-1


[Site "https://www.chess.com"]

[Event "Titled Tuesday Blitz July 18 Late 2023"]
[White "Rostomyan, Mikayel"]
[Black "Bochnicka, Vladimir"]
[WhiteFideId "13313754"]
[BlackFideId "14943450"]
[WhiteElo "2615"]
[BlackElo "2478"]
[Result "1-0"]
[Round "4"]
[TimeControl "180+2"]
[Date "2023.07.18"]
[WhiteClock "0:00:11"]
[BlackClock "0:00:03"]
[Board "64"]

1. d4 Nf6 2. Nf3 d5 3. c4 e6 4. g3 dxc4 5. Bg2 Nc6 6. Qa4 Be7 7. O-O O-O 8. Qxc4 Rb8 9. Nc3 Nd5 10. e4 Nxc3 11. bxc3 Bd7 12. a4 Na5 13. Qd3 c5 14. Bf4 Rc8 15. d5 c4 16. Qe2 exd5 17. exd5 Re8 18. Qc2 Bf6 19. Nd2 g6 20. Ne4 Bf5 21. Nxf6+ Qxf6 22. Qb2 Nb3 23. Rad1 Bg4 24. Rde1 Bd7 25. Re2 Rxe2 26. Qxe2 Qxc3 27. Qe7 Qa5 28. Qxd7 Qd8 29. Qxb7 a5 30. d6 Nc5 31. Qe7 Ne6 32. d7 Rb8 33. Qxd8+ Rxd8 34. Bc6 Nd4 35. Bb5 Ne2+ 36. Kg2 c3 37. Bxe2 Rxd7 38. Be5 1-0


[Site "https://www.chess.com"]

[Event "Titled Tuesday Blitz July 18 Late 2023"]
[White "Gaal, Zsoka"]
[Black "Arabidze, Meri"]
[WhiteFideId "777765"]
[BlackFideId "13604040"]
[WhiteElo "2463"]
[BlackElo "2612"]
[Result "0-1"]
[Round "4"]
[TimeControl "180+2"]
[Date "2023.07.18"]
[WhiteClock "0:00:02"]
[BlackClock "0:00:10"]
[Board "65"]

1. Nf3 d5 2. g3 Nd7 3. d4 Nb6 4. Nc3 Nf6 5. a4 a5 6. Bg2 c6 7. O-O h6 8. Ne5 Bf5 9. f3 e6 10. e4 Bh7 11. exd5 Nbxd5 12. Nxd5 cxd5 13. c3 Bd6 14. Qb3 Bxe5 15. dxe5 Nd7 16. f4 Qb6+ 17. Qxb6 Nxb6 18. b3 O-O 19. Be3 Nd7 20. Rac1 Rfc8 21. Bd4 Nc5 22. Rb1 Bxb1 23. Rxb1 Rc7 24. Kf2 Kf8 25. Ke3 Ke7 26. g4 g6 27. Bf3 Nd7 28. Rg1 Nc5 29. Rb1 Rb8 30. Be2 Rh8 31. h3 Rhc8 32. Rb2 Ne4 33. c4 Nc5 34. f5 dxc4 35. Bxc4 Nxa4 36. f6+ Kf8 37. Ra2 Rxc4 38. bxc4 Rxc4 39. Kd3 b5 40. Ra1 Ke8 41. Rb1 Rb4 42. Rxb4 axb4 43. Kc2 Nc3 44. Kb3 Nd5 45. Bc5 Kd7 46. Bd6 Kc6 47. Bf8 h5 48. gxh5 gxh5 49. Bd6 Nf4 50. h4 Ng2 51. Bxb4 Nxh4 52. Be1 Nf3 53. Bg3 h4 54. Bf4 h3 0-1


[Site "https://www.chess.com"]

[Event "Titled Tuesday Blitz July 18 Late 2023"]
[White "Karaoglan, Doruk"]
[Black "Mujumdar, Sameer"]
[WhiteFideId "6390927"]
[BlackFideId "2029707"]
[WhiteElo "2611"]
[BlackElo "2463"]
[Result "1-0"]
[Round "4"]
[TimeControl "180+2"]
[Date "2023.07.18"]
[WhiteClock "0:01:00"]
[BlackClock "0:01:53"]
[Board "66"]

1. e4 c6 2. d4 d5 3. Nc3 dxe4 4. Nxe4 Nf6 5. Nxf6+ exf6 6. c3 Bd6 7. Bd3 O-O 8. Qc2 Re8+ 9. Ne2 h5 10. O-O h4 11. f4 Nd7 12. f5 Nf8 13. Nf4 Bd7 14. Qf2 Qc8 15. Nh5 c5 16. Qxh4 Nh7 17. Bh6 gxh6 18. Qg4+ Ng5 19. Nxf6+ Kh8 20. Qh5 Bf8 21. h4 Re3 22. hxg5 Rxd3 23. Qxf7 Bg7 24. gxh6 Qf8 25. hxg7+ Qxg7 26. Qh5+ 1-0


[Site "https://www.chess.com"]

[Event "Titled Tuesday Blitz July 18 Late 2023"]
[White "Glavina, Pablo"]
[Black "Zavgorodniy, Sergiy"]
[WhiteFideId "100234"]
[BlackFideId "14110148"]
[WhiteElo "2449"]
[BlackElo "2611"]
[Result "1-0"]
[Round "4"]
[TimeControl "180+2"]
[Date "2023.07.18"]
[WhiteClock "0:01:55"]
[BlackClock "0:00:57"]
[Board "67"]

1. c4 c5 2. Nf3 Nc6 3. d4 cxd4 4. Nxd4 Nf6 5. Nc3 g6 6. g3 Bg7 7. Bg2 O-O 8. O-O d6 9. Nxc6 bxc6 10. Bxc6 Bh3 11. Bxa8 Qxa8 12. f3 Bxf1 13. Kxf1 Rc8 14. Qd3 Qc6 15. Be3 a6 16. b3 Nd7 17. Nd5 Kf8 18. Rd1 Ne5 19. Qb1 e6 20. Nf4 Nxf3 21. exf3 Qxf3+ 22. Bf2 Qh1+ 23. Ke2 Qxh2 24. Rh1 1-0


[Site "https://www.chess.com"]

[Event "Titled Tuesday Blitz July 18 Late 2023"]
[White "David, Bogdan-Emanuel"]
[Black "ArchibaldCerveza29"]
[WhiteFideId "1229907"]
[WhiteElo "2610"]
[BlackElo "2439"]
[Result "0-1"]
[Round "4"]
[TimeControl "180+2"]
[Date "2023.07.18"]
[WhiteClock "0:00:42"]
[BlackClock "0:00:36"]
[Board "68"]

1. e4 e5 2. Nc3 Nf6 3. f4 d5 4. fxe5 Nxe4 5. d3 Nxc3 6. bxc3 d4 7. Nf3 Nc6 8. Be2 Bc5 9. O-O dxc3+ 10. Kh1 O-O 11. Qe1 Bg4 12. Qg3 Bxf3 13. Bxf3 Re8 14. Re1 Nd4 15. Bg5 Be7 16. Bh6 Nf5 17. Qf4 Nxh6 18. Bxb7 Rb8 19. Bc6 Rf8 20. Qc4 Rb6 21. Rf1 Qc8 22. Rf4 Rb4 23. Qxb4 Bxb4 24. Rxb4 Qe6 25. Rc4 Qxe5 26. Rf1 g6 27. g4 Kg7 28. Bg2 f5 29. d4 Qd6 30. Rc6 Qxd4 31. Rxc7+ Rf7 32. Rc8 Nxg4 33. Ba8 Qd2 34. Bg2 Qxc2 35. Rf3 Re7 0-1


[Site "https://www.chess.com"]

[Event "Titled Tuesday Blitz July 18 Late 2023"]
[White "Gaitan, Juan Manuel"]
[Black "Manukian, Artak"]
[WhiteFideId "121657"]
[BlackFideId "13301373"]
[WhiteElo "2609"]
[BlackElo "2438"]
[Result "1-0"]
[Round "4"]
[TimeControl "180+2"]
[Date "2023.07.18"]
[WhiteClock "0:02:16"]
[BlackClock "0:02:07"]
[Board "69"]

1. d4 d5 2. c4 dxc4 3. e3 e5 4. Bxc4 exd4 5. exd4 Nf6 6. h3 c5 7. Nf3 cxd4 8. Nxd4 Bb4+ 9. Nc3 O-O 10. O-O a6 11. Bb3 Bc5 12. Be3 Nbd7 13. Rc1 Ne5 14. Re1 Qb6 15. Na4 1-0


[Site "https://www.chess.com"]

[Event "Titled Tuesday Blitz July 18 Late 2023"]
[White "Herman, Daniel"]
[Black "Chen, Justin"]
[WhiteFideId "30935008"]
[BlackFideId "2098199"]
[WhiteElo "2430"]
[BlackElo "2606"]
[Result "0-1"]
[Round "4"]
[TimeControl "180+2"]
[Date "2023.07.18"]
[WhiteClock "0:00:04"]
[BlackClock "0:00:59"]
[Board "70"]

1. d4 Nf6 2. c4 e6 3. Nf3 Bb4+ 4. Nbd2 b6 5. a3 Bxd2+ 6. Qxd2 Bb7 7. g3 O-O 8. Bg2 d6 9. O-O Nbd7 10. b4 Qe7 11. Bb2 Be4 12. Bh3 Rfe8 13. Rfe1 c6 14. Qc3 d5 15. Nd2 Bg6 16. b5 cxb5 17. cxd5 exd5 18. Rac1 h5 19. Qc6 Rad8 20. Qxb5 Ne4 21. Nxe4 Bxe4 22. f3 Bg6 23. Qxd5 Qe3+ 24. Kf1 Nc5 25. Qc4 Nd3 26. Qxd3 Bxd3 27. exd3 Qxd3+ 28. Kg1 Rxe1+ 29. Rxe1 Qd2 0-1


[Site "https://www.chess.com"]

[Event "Titled Tuesday Blitz July 18 Late 2023"]
[White "Stachanczyk, Jacek"]
[Black "HamedWafa4"]
[WhiteFideId "1116657"]
[WhiteElo "2428"]
[BlackElo "2604"]
[Result "0-1"]
[Round "4"]
[TimeControl "180+2"]
[Date "2023.07.18"]
[WhiteClock "0:01:43"]
[BlackClock "0:02:17"]
[Board "71"]

1. e4 e5 2. Nf3 Nc6 3. Bb5 a6 4. Ba4 Nf6 5. O-O Be7 6. Bb3 O-O 7. Re1 b5 8. a4 d5 9. axb5 dxe4 10. bxc6 exf3 11. Qxf3 e4 12. Qg3 Ng4 13. h3 Bh4 14. Qf4 Bxf2+ 15. Kh1 Bxe1 16. hxg4 0-1


[Site "https://www.chess.com"]

[Event "Titled Tuesday Blitz July 18 Late 2023"]
[White "Piesik, Piotr"]
[Black "Jorajuria Mendoza, Algol"]
[WhiteFideId "1136194"]
[BlackFideId "5128897"]
[WhiteElo "2604"]
[BlackElo "2410"]
[Result "0-1"]
[Round "4"]
[TimeControl "180+2"]
[Date "2023.07.18"]
[WhiteClock "0:00:24"]
[BlackClock "0:00:04"]
[Board "72"]

1. Nf3 d5 2. g3 c5 3. Bg2 Nf6 4. O-O h6 5. d3 Bg4 6. Nbd2 Nc6 7. e4 e6 8. h3 Bh5 9. c3 Be7 10. Re1 b5 11. Qe2 O-O 12. e5 Nd7 13. g4 Bg6 14. Nf1 a5 15. Ng3 b4 16. c4 Qc7 17. Bf4 dxc4 18. dxc4 Nb6 19. h4 Rfd8 20. Rad1 Rxd1 21. Rxd1 Rd8 22. b3 a4 23. h5 Bh7 24. Rxd8+ Qxd8 25. Qd2 Qxd2 26. Nxd2 Nd4 27. bxa4 Nxa4 28. Be4 Nc3 29. Bxh7+ Kxh7 30. Kf1 Nxa2 31. Be3 Nc6 32. Nb3 Nxe5 33. Bxc5 Bxc5 34. Nxc5 Nxc4 35. Ke2 Nc3+ 36. Ke1 Ne5 37. Na6 Nd5 38. Ne4 Nxg4 39. Nac5 Ngf6 40. Nd6 Kg8 41. Ke2 Nxh5 42. Kd3 Nhf4+ 43. Ke4 h5 44. Ke5 h4 45. Nde4 h3 46. Ng3 f6+ 47. Ke4 Kf7 48. Nb3 g5 49. Kf3 Kg6 50. Nd4 e5 51. Nb3 f5 0-1


[Site "https://www.chess.com"]

[Event "Titled Tuesday Blitz July 18 Late 2023"]
[White "Garcia Cuenca, Victor"]
[Black "Vaibhav Jayant Raut"]
[WhiteFideId "2250829"]
[BlackFideId "5089034"]
[WhiteElo "2409"]
[BlackElo "2604"]
[Result "1-0"]
[Round "4"]
[TimeControl "180+2"]
[Date "2023.07.18"]
[WhiteClock "0:01:49"]
[BlackClock "0:01:22"]
[Board "73"]

1. Nf3 Nf6 2. e3 e6 3. d4 b6 4. Be2 Bb7 5. O-O Be7 6. b3 O-O 7. Bb2 d5 8. c4 dxc4 9. Bxc4 Nbd7 10. Qe2 c5 11. Rd1 cxd4 12. Nxd4 Rc8 13. Nc3 Qc7 14. Rac1 Qb8 15. Ba6 Nc5 16. Bxb7 Qxb7 17. f3 Rfd8 18. Kh1 h5 19. e4 h4 20. Qe3 h3 21. g3 Nfd7 22. Rd2 Ne5 23. Rcd1 a6 24. Nde2 Rxd2 25. Rxd2 Bg5 26. Qxg5 Nxf3 27. Rd8+ Kh7 28. Qh5# 1-0


[Site "https://www.chess.com"]

[Event "Titled Tuesday Blitz July 18 Late 2023"]
[White "Ganiev, Roman"]
[Black "whiteglovethief"]
[WhiteFideId "4131452"]
[WhiteElo "2602"]
[BlackElo "2405"]
[Result "1-0"]
[Round "4"]
[TimeControl "180+2"]
[Date "2023.07.18"]
[WhiteClock "0:01:31"]
[BlackClock "0:01:52"]
[Board "74"]

1. e4 d5 2. exd5 Qxd5 3. Nc3 Qa5 4. d4 Nf6 5. Nf3 Bg4 6. h3 Bxf3 7. Qxf3 c6 8. Bc4 e6 9. Bb3 Bb4 10. Bd2 Nbd7 11. O-O-O O-O 12. a3 Bxc3 13. Bxc3 Qc7 14. g4 Nd5 15. Bd2 b5 16. h4 a5 17. g5 a4 18. Ba2 Qb6 19. c3 Qc7 20. h5 N7b6 21. Qe4 Nc4 22. Bb1 g6 23. hxg6 fxg6 24. Qxe6+ Rf7 25. Rxh7 Kxh7 26. Rh1+ Kg8 27. Bxg6 Rf8 28. Qh3 1-0


[Site "https://www.chess.com"]

[Event "Titled Tuesday Blitz July 18 Late 2023"]
[White "Villarreal, Agustin"]
[Black "Belov, Alexei"]
[WhiteFideId "125687"]
[BlackFideId "4128206"]
[WhiteElo "2390"]
[BlackElo "2600"]
[Result "1-0"]
[Round "4"]
[TimeControl "180+2"]
[Date "2023.07.18"]
[WhiteClock "0:00:38"]
[BlackClock "0:00:43"]
[Board "75"]

1. d4 e6 2. c4 d5 3. Nc3 Be7 4. cxd5 exd5 5. Nf3 c6 6. Qc2 g6 7. Bf4 Bf5 8. Qb3 Qb6 9. Nd2 Nf6 10. e3 Nbd7 11. Be2 Qxb3 12. Nxb3 O-O 13. O-O a5 14. h3 a4 15. Nd2 Bb4 16. a3 Be7 17. f3 b5 18. e4 dxe4 19. fxe4 Be6 20. d5 cxd5 21. Bxb5 Nxe4 22. Ndxe4 dxe4 23. Nxe4 Nc5 24. Nc3 Rfd8 25. Rad1 Bb3 26. Rxd8+ Rxd8 27. Re1 Bf6 28. Be5 Bxe5 29. Rxe5 Nd3 30. Re2 Nf4 31. Rf2 Ne6 32. Bxa4 Nc5 33. Bb5 f5 34. Re2 Kf7 35. Re5 Nd3 36. Bxd3 Rxd3 37. Rb5 Bc4 38. Rb4 Be6 39. Rb7+ Kf6 40. Rxh7 Rd2 41. Rb7 f4 42. Ne4+ 1-0


[Site "https://www.chess.com"]